[Event "CZE-tht Extraliga 2018-19"]
[Site "Czech Republic"]
[Date "2018.12.02"]
[Round "4"]
[White "Krejci, Jan"]
[Black "Kislinsky, Alexey"]
[Result "1/2-1/2"]
[ECO "B30"]
[WhiteElo "2562"]
[BlackElo "2425"]
[Annotator "RC"]
[PlyCount "55"]
[EventDate "2018.11.03"]
[EventType "team-tourn"]
[EventCountry "CZE"]
[SourceTitle "playchess.com"]
[Source "ChessBase"]
[SourceQuality "1"]
[WhiteTeam "Novoborsky"]
[BlackTeam "Lysa nad Labem"]
[TimeControl "40/5400+30:1800+30"]

1. Nf3 c5 2. e4 Nc6 3. Bb5 Nf6 4. Nc3 g6 5. O-O Bg7 6. Re1 O-O 7. e5 Ng4 8. Bxc6 dxc6 9. d3 Nh6 10. Ne4 b6 11. Bxh6 Bxh6 12. a4 a5 13. h3 Ra7 14. Qe2 Bg7 15. Rad1 Qc7 16. Ned2 h6 17. b3 Rd8 18. Qe3 Bf5 19. Qf4 Qb8 20. d4 Bxc2 21. Rc1 Bf5 22. dxc5 Rad7 23. Nc4 bxc5 24. Nxa5 Qb6 25. b4 Qxb4 26. Qxb4 cxb4 27. Nxc6 Ra8 28. Nxb4 1/2-1/2

[Event "CZE-tht Extraliga 2018-19"]
[Site "Czech Republic"]
[Date "2018.12.02"]
[Round "4"]
[White "Repka, Christopher"]
[Black "Szotkowski, Jakub"]
[Result "1-0"]
[ECO "A57"]
[WhiteElo "2499"]
[BlackElo "2357"]
[Annotator "RC"]
[PlyCount "95"]
[EventDate "2018.11.03"]
[EventType "team-tourn"]
[EventCountry "CZE"]
[SourceTitle "playchess.com"]
[Source "ChessBase"]
[SourceQuality "1"]
[WhiteTeam "Pardubice"]
[BlackTeam "Beskydska"]
[TimeControl "40/5400+30:1800+30"]

1. d4 Nf6 2. c4 c5 3. d5 b5 4. Nf3 bxc4 5. Nc3 d6 6. e4 g6 7. Nd2 Bg7 8. Be2 O-O 9. O-O Ba6 10. Nxc4 Nbd7 11. Bf4 Nh5 12. Bg5 Bxc4 13. Bxc4 Rb8 14. Qd2 Rb4 15. Be2 Nhf6 16. f3 Qb8 17. Rab1 Re8 18. a3 Rb7 19. Ba6 Rb6 20. Qe2 e6 21. dxe6 fxe6 22. Bb5 Qb7 23. Rfd1 a6 24. Bc4 Kh8 25. Qd2 Ne5 26. Be2 Nfd7 27. Be3 Qc6 28. f4 Nf7 29. Bf3 g5 30. e5 Qc7 31. g3 gxf4 32. gxf4 Rg8 33. Kh1 d5 34. Nxd5 exd5 35. Qxd5 Ndxe5 36. fxe5 Nxe5 37. Bf4 Rf8 38. Bg3 Qe7 39. Re1 Qf6 40. Be4 Ng4 41. Qh5 Nh6 42. Rbd1 Re6 43. b3 Rfe8 44. Rf1 Qe7 45. Bd5 Re2 46. Rde1 Bc3 47. Qxh6 Bxe1 48. Rf7 1-0

[Event "CZE-tht Extraliga 2018-19"]
[Site "Czech Republic"]
[Date "2018.12.02"]
[Round "4"]
[White "Biolek, Richard Jr."]
[Black "Shengelia, David"]
[Result "0-1"]
[ECO "B30"]
[WhiteElo "2447"]
[BlackElo "2532"]
[Annotator "RC"]
[PlyCount "120"]
[EventDate "2018.11.03"]
[EventType "team-tourn"]
[EventCountry "CZE"]
[SourceTitle "playchess.com"]
[Source "ChessBase"]
[SourceQuality "1"]
[WhiteTeam "Ostrava"]
[BlackTeam "Duras"]
[TimeControl "40/5400+30:1800+30"]

1. e4 c5 2. Nf3 Nc6 3. Bb5 e6 4. O-O Nge7 5. d4 cxd4 6. Nxd4 Nxd4 7. Qxd4 a6 8. Be2 Nc6 9. Qe3 Qc7 10. c4 Bd6 11. Kh1 Ne5 12. f4 Ng6 13. Nc3 b6 14. e5 Bc5 15. Qd3 Bb7 16. Bf3 Bxf3 17. Qxf3 O-O 18. Ne4 d6 19. exd6 Bxd6 20. Nxd6 Qxd6 21. Be3 Qb4 22. b3 b5 23. Rac1 Rfd8 24. Qb7 Nh4 25. cxb5 axb5 26. Bc5 Qd2 27. Be7 Rdb8 28. Qe4 Nf5 29. Rc2 Qe3 30. Qb4 Rc8 31. Bc5 Qd3 32. Rfc1 Qd7 33. Bg1 Rxc2 34. Rxc2 h5 35. Rd2 Qc6 36. Qc5 Qe4 37. Qxb5 Qxf4 38. Qc6 Rf8 39. Rd3 h4 40. Qc4 Qe5 41. a4 Ra8 42. Rd7 Qe1 43. Qd3 g6 44. Qd1 Qb4 45. Bf2 Rc8 46. Rd8+ Rxd8 47. Qxd8+ Kg7 48. Qd3 e5 49. Kg1 e4 50. Qc4 Qe7 51. Qc3+ Kh7 52. Be3 Qd7 53. Kf2 h3 54. gxh3 Qd6 55. Ke1 Qxh2 56. Qf6 Qg3+ 57. Bf2 Qxb3 58. a5 e3 59. Bh4 Qb4+ 60. Ke2 Qc4+ 0-1

[Event "CZE-tht Extraliga 2018-19"]
[Site "Czech Republic"]
[Date "2018.12.02"]
[Round "4"]
[White "Simek, Petr"]
[Black "Splichal, Petr"]
[Result "1/2-1/2"]
[ECO "E63"]
[WhiteElo "2338"]
[BlackElo "1925"]
[Annotator "NA RC"]
[PlyCount "82"]
[EventDate "2018.11.03"]
[EventType "team-tourn"]
[EventCountry "CZE"]
[SourceTitle "playchess.com"]
[Source "ChessBase"]
[SourceQuality "1"]
[WhiteTeam "Siesta Solution Unichess A"]
[BlackTeam "Siesta Solution Unichess B"]
[TimeControl "40/5400+30:1800+30"]

1. d4 Nf6 2. c4 g6 3. g3 Bg7 4. Bg2 d6 5. Nc3 O-O 6. Nf3 Nc6 7. O-O a6 8. Re1 e5 9. d5 Na5 10. Nd2 b6 11. b4 Nb7 12. Nb3 a5 13. a3 Bd7 14. e4 Qc8 15. f3 Nh5 16. Be3 f5 17. Bf2 Nf6 18. c5 axb4 19. axb4 Rxa1 20. Qxa1 bxc5 21. bxc5 Nxc5 22. Nxc5 dxc5 23. Bxc5 Re8 24. Qa7 Bf8 25. Rc1 Qb8 26. Qa3 Bh6 27. Rb1 Qc8 28. Qa7 fxe4 29. fxe4 c6 30. d6 Qa8 31. Rb7 Qxa7 32. Rxa7 Rb8 33. h3 Rb3 34. Ne2 Rb5 35. Bf2 Rb1+ 36. Kh2 Rb2 37. Bf3 Kf8 38. Kg2 Ke8 39. Ra5 Rb5 40. Ra7 Rb2 41. Ra5 Rb5 1/2-1/2

[Event "CZE-tht Extraliga 2018-19"]
[Site "Czech Republic"]
[Date "2018.12.02"]
[Round "4"]
[White "Sosna, Jan"]
[Black "Pisk, Petr"]
[Result "1/2-1/2"]
[ECO "A46"]
[WhiteElo "2338"]
[BlackElo "2332"]
[Annotator "NA RC"]
[PlyCount "125"]
[EventDate "2018.11.03"]
[EventType "team-tourn"]
[EventCountry "CZE"]
[SourceTitle "playchess.com"]
[Source "ChessBase"]
[SourceQuality "1"]
[WhiteTeam "Poruba"]
[BlackTeam "Brno"]
[TimeControl "40/5400+30:1800+30"]

1. d4 Nf6 2. Nf3 e6 3. Bg5 c5 4. e3 h6 5. Bh4 b6 6. Nbd2 Be7 7. c3 cxd4 8. exd4 O-O 9. a4 Ba6 10. Bb5 Bb7 11. O-O Nc6 12. Re1 a6 13. Bd3 Nd5 14. Bg3 f5 15. h3 Rf7 16. Nc4 f4 17. Bh2 Rf6 18. Be4 Qc7 19. Nfe5 Nxe5 20. Nxe5 Bd6 21. Qf3 Bxe5 22. dxe5 Rf7 23. Qg4 Ne7 24. Bxf4 Bxe4 25. Rxe4 Nf5 26. Qe2 Qb7 27. Rb4 Raf8 28. Qe4 Qc7 29. Rc4 Qb8 30. Rd1 Ne7 31. Bg3 Nf5 32. Bh2 Ne7 33. Bg3 Nf5 34. Bh2 Ne7 35. Rd2 b5 36. axb5 axb5 37. Rcd4 Qb6 38. Qe1 Nd5 39. Bg3 Qc5 40. Kh2 Qc6 41. Qe4 Qa6 42. Qd3 Rc8 43. Qg6 Qa1 44. Rg4 Qc1 45. Qc2 Qxc2 46. Rxc2 Rff8 47. Re4 Rc4 48. Rxc4 bxc4 49. Rd2 Rb8 50. f3 Kf8 51. Bf2 Rb5 52. g3 Ke8 53. Kg2 Kd8 54. f4 Ra5 55. Kf3 Ra2 56. Re2 Kc7 57. Bc5 g6 58. g4 Kc6 59. Bf8 h5 60. gxh5 gxh5 61. Rg2 Kb5 62. Re2 Ka4 63. Ba3 1/2-1/2

[Event "CZE-tht Extraliga 2018-19"]
[Site "Czech Republic"]
[Date "2018.12.02"]
[Round "4"]
[White "Miturova, Magdalena"]
[Black "Sodoma, Jan"]
[Result "1-0"]
[ECO "C48"]
[WhiteElo "2211"]
[BlackElo "2330"]
[Annotator "RC"]
[PlyCount "99"]
[EventDate "2018.11.03"]
[EventType "team-tourn"]
[EventCountry "CZE"]
[SourceTitle "playchess.com"]
[Source "ChessBase"]
[SourceQuality "1"]
[WhiteTeam "Cesky Tesin"]
[BlackTeam "Turnov"]
[TimeControl "40/5400+30:1800+30"]

1. e4 e5 2. Nf3 Nc6 3. Nc3 Nf6 4. Bb5 Bd6 5. d3 h6 6. h3 a6 7. Bxc6 dxc6 8. Be3 c5 9. Ne2 Bd7 10. Ng3 O-O 11. Nh2 Re8 12. Qf3 Nh7 13. Qh5 Qf6 14. O-O-O Ng5 15. Kb1 Ne6 16. Nf5 Nd4 17. Nxd6 cxd6 18. Rdf1 Qg6 19. Qd1 f5 20. exf5 Nxf5 21. g4 Ne7 22. Nf3 Nd5 23. Rhg1 Rf8 24. Nh4 Qe6 25. Nf5 b5 26. c3 Rab8 27. Bc1 Be8 28. Qb3 Bc6 29. Ne3 b4 30. Nxd5 Bxd5 31. c4 Bf3 32. Re1 Qg6 33. Rg3 a5 34. h4 a4 35. h5 Qe8 36. Qc2 b3 37. Qd2 bxa2+ 38. Ka1 Rb7 39. g5 Bxh5 40. gxh6 g6 41. f4 Re7 42. fxe5 Rxe5 43. Rxe5 Qxe5 44. Re3 Qf6 45. Kxa2 Kh7 46. Qe1 Bf3 47. Bd2 d5 48. Re6 Qf5 49. Re5 Qf6 50. Bg5 1-0

[Event "CZE-tht Extraliga 2018-19"]
[Site "Czech Republic"]
[Date "2019.01.12"]
[Round "5"]
[White "Azarov, Sergei"]
[Black "Markowski, Tomasz"]
[Result "1/2-1/2"]
[ECO "B85"]
[WhiteElo "2575"]
[BlackElo "2546"]
[Annotator "ChessBase"]
[PlyCount "89"]
[EventDate "2018.11.03"]
[EventType "team-tourn"]
[EventCountry "CZE"]
[SourceTitle "playchess.com"]
[Source "ChessBase"]
[SourceQuality "1"]
[WhiteTeam "Beskydska"]
[BlackTeam "Poruba"]
[TimeControl "40/5400+30:1800+30"]

1. e4 c5 2. Nf3 e6 3. d4 cxd4 4. Nxd4 a6 5. Be2 Nf6 6. Nc3 Qc7 7. O-O d6 8. f4 Be7 9. Qe1 O-O 10. Qg3 b5 11. e5 Ne8 12. exd6 Bxd6 13. Ne4 Be7 14. Bf3 Bb7 15. f5 Qxg3 16. hxg3 Bd5 17. fxe6 fxe6 18. Bg5 Ra7 19. Bg4 Rxf1+ 20. Rxf1 Bxg5 21. Nxg5 e5 22. Re1 Nd7 23. Bf3 Bxf3 24. Ngxf3 Nd6 25. Nxe5 Nxe5 26. Rxe5 Nc4 27. Rc5 Rd7 28. Nf3 Rd1+ 29. Kh2 Nxb2 30. Rc8+ Kf7 31. Rc7+ Kf6 32. Rc6+ Kf5 33. Rxa6 Nc4 34. Rc6 Ne3 35. Rc5+ Kf6 36. g4 Nxg4+ 37. Kg3 Ne3 38. Rxb5 Nxc2 39. Rb6+ Ke7 40. a4 Nd4 41. a5 Nxf3 42. gxf3 Ra1 43. a6 Ra5 44. f4 Kf7 45. Kg4 1/2-1/2

[Event "CZE-tht Extraliga 2018-19"]
[Site "Czech Republic"]
[Date "2019.01.12"]
[Round "5"]
[White "Hracek, Zbynek"]
[Black "Slovak, Kilian"]
[Result "1-0"]
[ECO "E73"]
[WhiteElo "2563"]
[BlackElo "2288"]
[Annotator "ChessBase"]
[PlyCount "80"]
[EventDate "2018.11.03"]
[EventType "team-tourn"]
[EventCountry "CZE"]
[SourceTitle "playchess.com"]
[Source "ChessBase"]
[SourceQuality "1"]
[WhiteTeam "Pardubice"]
[BlackTeam "Siesta B"]
[TimeControl "40/5400+30:1800+30"]

1. d4 Nf6 2. c4 g6 3. Nc3 Bg7 4. e4 d6 5. Be2 O-O 6. Bg5 Na6 7. Qd2 e5 8. d5 Nc5 9. f3 a5 10. h4 c6 11. g4 Qb6 12. h5 Qb4 13. Nh3 cxd5 14. cxd5 Bd7 15. Nf2 Rac8 16. Nb5 Bxb5 17. Qxb4 axb4 18. Bxb5 Ra8 19. Ke2 Ra5 20. Bc4 Rfa8 21. h6 Bh8 22. Rac1 Nfd7 23. Bd2 Bf6 24. Bxb4 R5a7 25. Bd2 b5 26. Bxb5 Rxa2 27. Bxd7 Nxd7 28. Nd3 R2a6 29. Rc6 Rxc6 30. dxc6 Nc5 31. Nxc5 dxc5 32. b4 cxb4 33. Bxb4 Rc8 34. Rc1 Bg5 35. Rc3 Bxh6 36. c7 Bf8 37. Rd3 Rxc7 38. Rd8 Rb7 39. Bxf8 f6 40. g5 fxg5 1-0

[Event "CZE-tht Extraliga 2018-19"]
[Site "Czech Republic"]
[Date "2019.01.12"]
[Round "5"]
[White "Plat, Vojtech"]
[Black "Simacek, Pavel"]
[Result "1-0"]
[ECO "C80"]
[WhiteElo "2550"]
[BlackElo "2478"]
[Annotator "ChessBase"]
[PlyCount "67"]
[EventDate "2018.11.03"]
[EventType "team-tourn"]
[EventCountry "CZE"]
[SourceTitle "playchess.com"]
[Source "ChessBase"]
[SourceQuality "1"]
[WhiteTeam "Lysa nad Labem"]
[BlackTeam "Turnov"]
[TimeControl "40/5400+30:1800+30"]

1. e4 e5 2. Nf3 Nc6 3. Bb5 a6 4. Ba4 Nf6 5. O-O Nxe4 6. Re1 Nc5 7. Bxc6 dxc6 8. d4 Ne6 9. Nxe5 Be7 10. Be3 O-O 11. Nc3 Bf6 12. f4 g6 13. Ne4 Ng7 14. d5 cxd5 15. Qxd5 Be7 16. Qa5 Bf5 17. Rad1 Qc8 18. Nc3 Bxc2 19. Rd7 Bd6 20. Nd5 Nf5 21. Qc3 Ba4 22. Nf6+ Kg7 23. Neg4 h6 24. Ne4+ Kh7 25. Ngf6+ Kh8 26. Nxd6 cxd6 27. Rc7 Qd8 28. Bb6 d5 29. Nxd5+ Kg8 30. Rc5 Qh4 31. Nf6+ Kh8 32. Rxf5 gxf5 33. Bf2 Rac8 34. Qe5 1-0

[Event "CZE-tht Extraliga 2018-19"]
[Site "Czech Republic"]
[Date "2019.01.12"]
[Round "5"]
[White "Zilka, Stepan"]
[Black "Vymazal, Bronislav"]
[Result "1/2-1/2"]
[ECO "A04"]
[WhiteElo "2528"]
[BlackElo "2358"]
[Annotator "ChessBase"]
[PlyCount "93"]
[EventDate "2018.11.03"]
[EventType "team-tourn"]
[EventCountry "CZE"]
[SourceTitle "playchess.com"]
[Source "ChessBase"]
[SourceQuality "1"]
[WhiteTeam "Novoborsky"]
[BlackTeam "Brno"]
[TimeControl "40/5400+30:1800+30"]

1. Nf3 f5 2. d3 Nc6 3. e4 e5 4. Nc3 Nf6 5. exf5 d5 6. d4 exd4 7. Nxd4 Nxd4 8. Qxd4 Bxf5 9. Bg5 Bxc2 10. Rc1 Bg6 11. Bd3 Bxd3 12. Qxd3 c6 13. O-O Be7 14. Rfe1 O-O 15. Qh3 Rf7 16. Rcd1 Qf8 17. Qe6 Kh8 18. Be3 Bd6 19. g3 Re8 20. Qh3 Rfe7 21. Qf1 b6 22. Bg5 Bc5 23. Rxe7 Qxe7 24. Na4 Bd6 25. Rc1 b5 26. Nc3 a6 27. Nd1 c5 28. Ne3 d4 29. Nc2 Qf7 30. Bxf6 Qxf6 31. Re1 Rxe1 32. Qxe1 Qe5 33. Qa5 h6 34. Qxa6 c4 35. a4 d3 36. Ne3 d2 37. axb5 Kh7 38. Qc8 Bc5 39. Nd1 Qe1+ 40. Kg2 Qxd1 41. Qf5+ Kg8 42. Qe6+ Kf8 43. Qf5+ Ke8 44. Qc8+ Kf7 45. Qf5+ Ke8 46. Qc8+ Kf7 47. Qf5+ 1/2-1/2

[Event "CZE-tht Extraliga 2018-19"]
[Site "Czech Republic"]
[Date "2019.01.12"]
[Round "5"]
[White "Jakubiec, Artur"]
[Black "Mroziak, Maciej"]
[Result "1/2-1/2"]
[ECO "A05"]
[WhiteElo "2496"]
[BlackElo "2378"]
[Annotator "ChessBase"]
[PlyCount "87"]
[EventDate "2018.11.03"]
[EventType "team-tourn"]
[EventCountry "CZE"]
[SourceTitle "playchess.com"]
[Source "ChessBase"]
[SourceQuality "1"]
[WhiteTeam "Ostrava"]
[BlackTeam "Cesky Tesin"]
[TimeControl "40/5400+30:1800+30"]

1. Nf3 Nf6 2. g3 g6 3. Bg2 Bg7 4. O-O O-O 5. d3 d6 6. c3 e5 7. e4 a5 8. Re1 Re8 9. Nbd2 d5 10. exd5 Nxd5 11. d4 exd4 12. Rxe8+ Qxe8 13. Nxd4 Bxd4 14. Bxd5 Bg7 15. Ne4 Nd7 16. Ng5 Ne5 17. Bf4 h6 18. Bxe5 hxg5 19. Bxc7 Be6 20. a4 Qd7 21. Bxe6 Qxc7 22. Bd5 Qb6 23. Qe2 Rd8 24. Rd1 Bf6 25. Bc4 Rxd1+ 26. Qxd1 Qc7 27. Qd5 Kg7 28. Kf1 b6 29. Ke2 Be5 30. h3 Bd6 31. Kd3 Bc5 32. f3 Qe7 33. Kc2 Bf2 34. g4 Bc5 35. Kb3 Qf6 36. Qb7 Qf4 37. Bd5 Be3 38. Qd7 Bc5 39. Be4 Qh2 40. Qe8 Bg1 41. Qe7 Qf4 42. h4 gxh4 43. Qxh4 Qd2 44. Ka2 1/2-1/2

[Event "CZE-tht Extraliga 2018-19"]
[Site "Czech Republic"]
[Date "2019.01.12"]
[Round "5"]
[White "Petrik, Tomas"]
[Black "Ponizil, Cyril"]
[Result "1-0"]
[ECO "B32"]
[WhiteElo "2481"]
[BlackElo "2491"]
[Annotator "ChessBase"]
[PlyCount "83"]
[EventDate "2018.11.03"]
[EventType "team-tourn"]
[EventCountry "CZE"]
[SourceTitle "playchess.com"]
[Source "ChessBase"]
[SourceQuality "1"]
[WhiteTeam "Siesta"]
[BlackTeam "Duras"]
[TimeControl "40/5400+30:1800+30"]

1. e4 c5 2. Nf3 Nc6 3. d4 cxd4 4. Nxd4 Qb6 5. Nb3 Nf6 6. Nc3 e6 7. Bd3 Be7 8. O-O d6 9. a4 O-O 10. a5 Qd8 11. Be3 Nb4 12. Be2 e5 13. Ra4 Na6 14. Bg5 Be6 15. Bxf6 Bxf6 16. Bc4 Qd7 17. Qd3 Rfc8 18. Rd1 Be7 19. h3 Bf8 20. Rd2 Nc5 21. Nxc5 Rxc5 22. b3 Rac8 23. Nd5 Qd8 24. a6 b6 25. Ne3 Qg5 26. Bxe6 fxe6 27. Rc4 Qe7 28. Rxc5 Rxc5 29. b4 Rc8 30. Qb3 Kh8 31. Rd3 g6 32. Rc3 Rd8 33. Qc4 Bh6 34. Qc7 Rd7 35. Qb8+ Kg7 36. Ng4 Bf4 37. Rc8 Qf7 38. g3 h5 39. Rg8+ Kh7 40. Rh8+ Kg7 41. Rg8+ Kh7 42. Rf8 1-0

[Event "CZE-tht Extraliga 2018-19"]
[Site "Czech Republic"]
[Date "2019.01.12"]
[Round "5"]
[White "Bernasek, Jan"]
[Black "Roubalik, Jakub"]
[Result "1-0"]
[ECO "A04"]
[WhiteElo "2477"]
[BlackElo "2410"]
[Annotator "ChessBase"]
[PlyCount "191"]
[EventDate "2018.11.03"]
[EventType "team-tourn"]
[EventCountry "CZE"]
[SourceTitle "playchess.com"]
[Source "ChessBase"]
[SourceQuality "1"]
[WhiteTeam "Siesta"]
[BlackTeam "Duras"]
[TimeControl "40/5400+30:1800+30"]

1. Nf3 c5 2. b3 d6 3. c4 e5 4. Nc3 Nc6 5. g3 g6 6. Bg2 Bg7 7. O-O Nge7 8. Bb2 O-O 9. Ne1 f5 10. f4 Be6 11. Rc1 Qd7 12. Nc2 exf4 13. gxf4 d5 14. Na4 Bxb2 15. Nxb2 Rad8 16. d3 Rfe8 17. Qe1 Bf7 18. Qf2 d4 19. a3 a5 20. Na4 Qd6 21. Rb1 Kg7 22. b4 axb4 23. axb4 cxb4 24. c5 Qc7 25. Nxb4 Qa5 26. Nxc6 Nxc6 27. Nb6 Qxc5 28. Rfc1 Qe7 29. Bf3 Qd6 30. Qh4 Re7 31. Nc4 Bxc4 32. Rxc4 Rde8 33. Kf1 Ra8 34. Bxc6 bxc6 35. Rxc6 Qxc6 36. Qxe7+ Kg8 37. Kf2 Re8 38. Qb4 Qf6 39. Qc4+ Kg7 40. Kf1 Kh6 41. Rb7 Qd6 42. Qc7 Qxc7 43. Rxc7 Re3 44. Rd7 Rh3 45. Rxd4 Rxh2 46. Rd7 g5 47. Rd5 Rh4 48. fxg5+ Kxg5 49. e4 Rf4+ 50. Ke2 Kg4 51. e5 Ra4 52. e6 Ra2+ 53. Ke3 f4+ 54. Kd4 Re2 55. Re5 f3 56. e7 Rxe5 57. Kxe5 f2 58. e8=Q f1=Q 59. Qg8+ Kh5 60. Qxh7+ Kg5 61. Qg8+ Kh5 62. Qd5 Kg4 63. Ke6 Qb1 64. Qe4+ Kg3 65. Qe5+ Kg2 66. d4 Kg1 67. d5 Qb3 68. Ke7 Qb7+ 69. Kf6 Kh1 70. d6 Qf3+ 71. Ke7 Qa3 72. Ke6 Qa6 73. Qc5 Qe2+ 74. Kf6 Qf2+ 75. Qf5 Qd4+ 76. Ke6 Qb6 77. Qd5+ Kg1 78. Kf7 Qf2+ 79. Kg6 Qg3+ 80. Kf7 Qf4+ 81. Ke8 Qe3+ 82. Kd8 Qb6+ 83. Kc8 Qa6+ 84. Kc7 Qa7+ 85. Qb7 Qc5+ 86. Qc6 Qe5 87. Kb7 Qg7+ 88. d7 Qf7 89. Qc5+ Kh1 90. Qc1+ Kg2 91. Qd2+ Kh1 92. Qe1+ Kg2 93. Qe4+ Kg1 94. Kc8 Qf8+ 95. d8=Q Qc5+ 96. Kb7 1-0

[Event "CZE-tht Extraliga 2018-19"]
[Site "Czech Republic"]
[Date "2019.01.12"]
[Round "5"]
[White "Rasik, Vitezslav"]
[Black "Wiewiora, Eneasz"]
[Result "1/2-1/2"]
[ECO "B07"]
[WhiteElo "2461"]
[BlackElo "2354"]
[Annotator "ChessBase"]
[PlyCount "49"]
[EventDate "2018.11.03"]
[EventType "team-tourn"]
[EventCountry "CZE"]
[SourceTitle "playchess.com"]
[Source "ChessBase"]
[SourceQuality "1"]
[WhiteTeam "Ostrava"]
[BlackTeam "Cesky Tesin"]
[TimeControl "40/5400+30:1800+30"]

1. e4 d6 2. d4 Nf6 3. Nc3 e5 4. f3 Be7 5. Be3 c6 6. Qd2 b5 7. dxe5 dxe5 8. Qxd8+ Bxd8 9. a4 b4 10. Nb1 Bb6 11. Kf2 Be6 12. Ne2 Nbd7 13. Nd2 Ke7 14. a5 Bxe3+ 15. Kxe3 Ne8 16. Nc1 Nd6 17. Be2 Rab8 18. Rd1 g6 19. Nd3 c5 20. f4 exf4+ 21. Nxf4 Ne5 22. Nd3 Nd7 23. Nf4 Ne5 24. Nd3 Nd7 25. Nf4 1/2-1/2

[Event "CZE-tht Extraliga 2018-19"]
[Site "Czech Republic"]
[Date "2019.01.12"]
[Round "5"]
[White "Vykouk, Jan"]
[Black "Oral, Tomas"]
[Result "1/2-1/2"]
[ECO "B40"]
[WhiteElo "2435"]
[BlackElo "2509"]
[Annotator "ChessBase"]
[PlyCount "53"]
[EventDate "2018.11.03"]
[EventType "team-tourn"]
[EventCountry "CZE"]
[SourceTitle "playchess.com"]
[Source "ChessBase"]
[SourceQuality "1"]
[WhiteTeam "Turnov"]
[BlackTeam "Lysa nad Labem"]
[TimeControl "40/5400+30:1800+30"]

1. e4 c5 2. Nf3 e6 3. b3 b6 4. Bb2 Bb7 5. e5 a6 6. Bd3 d6 7. exd6 Nf6 8. Nc3 Bxd6 9. Qe2 Nc6 10. Ne4 Be7 11. O-O O-O 12. Nfg5 g6 13. Qf3 Nxe4 14. Nxe4 e5 15. Nc3 Bf6 16. Qd5 Qc7 17. Ne4 Bg7 18. Qd6 Qc8 19. f4 Rd8 20. Bc4 Rxd6 21. Nxd6 Qc7 22. Nxf7 Nd4 23. Bxd4 cxd4 24. Ng5+ Kh8 25. Nf7+ Kg8 26. Ng5+ Kh8 27. Nf7+ {[%emt 0:00:06] h6} 1/2-1/2

[Event "CZE-tht Extraliga 2018-19"]
[Site "Czech Republic"]
[Date "2019.01.12"]
[Round "5"]
[White "Kislinsky, Alexey"]
[Black "Kraus, Tomas"]
[Result "1-0"]
[ECO "C34"]
[WhiteElo "2425"]
[BlackElo "2447"]
[Annotator "NA"]
[PlyCount "43"]
[EventDate "2018.11.03"]
[EventType "team-tourn"]
[EventCountry "CZE"]
[SourceTitle "playchess.com"]
[Source "ChessBase"]
[SourceQuality "1"]
[WhiteTeam "Lysa nad Labem"]
[BlackTeam "Turnov"]
[TimeControl "40/5400+30:1800+30"]

1. e4 e5 2. f4 exf4 3. Nf3 h6 4. d4 g5 5. Nc3 d6 6. g3 Bg7 7. gxf4 g4 8. Rg1 Kf8 9. Be3 gxf3 10. Qxf3 f5 11. Qg3 Qd7 12. Bc4 Nf6 13. Be6 Qe7 14. Bxc8 Nbd7 15. Bxd7 Qxd7 16. e5 Ng4 17. O-O-O Rg8 18. Bd2 h5 19. h3 Nh6 20. Qf3 c6 21. Rg6 d5 22. Qxh5 1-0

[Event "CZE-tht Extraliga 2018-19"]
[Site "Czech Republic"]
[Date "2019.01.12"]
[Round "5"]
[White "Blahynka, Martin"]
[Black "Cernousek, Lukas"]
[Result "1/2-1/2"]
[ECO "B12"]
[WhiteElo "2418"]
[BlackElo "2434"]
[Annotator "NA"]
[PlyCount "22"]
[EventDate "2018.11.03"]
[EventType "team-tourn"]
[EventCountry "CZE"]
[SourceTitle "playchess.com"]
[Source "ChessBase"]
[SourceQuality "1"]
[WhiteTeam "Duras"]
[BlackTeam "Siesta"]
[TimeControl "40/5400+30:1800+30"]

1. e4 c6 2. d4 d5 3. e5 c5 4. dxc5 e6 5. Be3 Nd7 6. Nf3 Bxc5 7. Bxc5 Nxc5 8. Nc3 Ne7 9. Bd3 Qb6 10. O-O Bd7 11. Rb1 Rc8 1/2-1/2

[Event "CZE-tht Extraliga 2018-19"]
[Site "Czech Republic"]
[Date "2019.01.12"]
[Round "5"]
[White "Biolek, Richard"]
[Black "Kawulok, Marek"]
[Result "1-0"]
[ECO "A05"]
[WhiteElo "2405"]
[BlackElo "2204"]
[Annotator "NA"]
[PlyCount "75"]
[EventDate "2018.11.03"]
[EventType "team-tourn"]
[EventCountry "CZE"]
[SourceTitle "playchess.com"]
[Source "ChessBase"]
[SourceQuality "1"]
[WhiteTeam "Ostrava"]
[BlackTeam "Cesky Tesin"]
[TimeControl "40/5400+30:1800+30"]

1. Nf3 Nf6 2. g3 g6 3. Bg2 Bg7 4. O-O O-O 5. c4 d6 6. Nc3 c5 7. a3 Nc6 8. Rb1 a5 9. d3 Rb8 10. Bd2 Ne8 11. Ne1 Bd7 12. Nc2 Nc7 13. b4 axb4 14. axb4 cxb4 15. Nxb4 Nxb4 16. Rxb4 b5 17. cxb5 Nxb5 18. Nxb5 Rxb5 19. Rxb5 Bxb5 20. Qb3 Qd7 21. Rc1 Ba4 22. Qb4 Qb5 23. Qxb5 Bxb5 24. Rb1 Ba4 25. Rb4 Bc2 26. Bg5 f6 27. Bd5+ Kh8 28. Be3 e5 29. Kf1 f5 30. Ke1 Rc8 31. Be6 Re8 32. Bd7 Rd8 33. Kd2 Bf6 34. Be6 Re8 35. Bh6 Bg7 36. Bxg7+ Kxg7 37. Rb7+ Kf6 38. Bd7 1-0

[Event "CZE-tht Extraliga 2018-19"]
[Site "Czech Republic"]
[Date "2019.01.12"]
[Round "5"]
[White "Vlasak, Lukas"]
[Black "Rogozenco, Dorian"]
[Result "1/2-1/2"]
[ECO "D00"]
[WhiteElo "2401"]
[BlackElo "2500"]
[Annotator "ChessBase"]
[PlyCount "42"]
[EventDate "2018.11.03"]
[EventType "team-tourn"]
[EventCountry "CZE"]
[SourceTitle "playchess.com"]
[Source "ChessBase"]
[SourceQuality "1"]
[WhiteTeam "Turnov"]
[BlackTeam "Lysa nad Labem"]
[TimeControl "40/5400+30:1800+30"]

1. d4 d5 2. Bf4 c5 3. e3 Nc6 4. c3 Nf6 5. Nd2 Bf5 6. Ngf3 e6 7. Nh4 Be4 8. Qb3 Qd7 9. Nhf3 c4 10. Qd1 Bg6 11. Ne5 Nxe5 12. Bxe5 Be7 13. Be2 O-O 14. Bxf6 Bxf6 15. Bh5 Bd3 16. Be2 Bxe2 17. Qxe2 b5 18. O-O a5 19. a3 b4 20. axb4 axb4 21. Rfb1 Be7 1/2-1/2

[Event "CZE-tht Extraliga 2018-19"]
[Site "Czech Republic"]
[Date "2019.01.12"]
[Round "5"]
[White "Hollan, Martin"]
[Black "Talla, Vladimir"]
[Result "0-1"]
[ECO "D31"]
[WhiteElo "2368"]
[BlackElo "2399"]
[Annotator "NA"]
[PlyCount "146"]
[EventDate "2018.11.03"]
[EventType "team-tourn"]
[EventCountry "CZE"]
[SourceTitle "playchess.com"]
[Source "ChessBase"]
[SourceQuality "1"]
[WhiteTeam "Cesky Tesin"]
[BlackTeam "Ostrava"]
[TimeControl "40/5400+30:1800+30"]

1. d4 d5 2. c4 e6 3. Nc3 Be7 4. Nf3 Nf6 5. Bg5 h6 6. Bxf6 Bxf6 7. cxd5 exd5 8. e3 O-O 9. Bd3 c6 10. O-O Be6 11. b4 a6 12. a4 Nd7 13. a5 Qc7 14. Na4 Rae8 15. Nc5 Nxc5 16. bxc5 Bc8 17. Qc2 g6 18. Nd2 Bg7 19. Qc3 Qd8 20. Rae1 g5 21. f4 g4 22. f5 Qf6 23. Rf4 h5 24. Nf1 Qg5 25. Qd2 Bf6 26. Qf2 Re7 27. g3 Rfe8 28. Nd2 Qg7 29. Kg2 Qh8 30. Nb3 Bg5 31. f6 Bxf4 32. fxe7 Bg5 33. Bf5 Bxf5 34. Qxf5 Qf6 35. Qxf6 Bxf6 36. Nc1 Rxe7 37. Nd3 Bg5 38. Kf2 Kg7 39. Re2 Re6 40. Re1 Re8 41. Ne5 Bd8 42. Rb1 Re7 43. Ra1 Bc7 44. Nd3 h4 45. Ne1 Kf6 46. Ng2 hxg3+ 47. hxg3 Kf5 48. Nf4 Re8 49. Ra3 Bxf4 50. exf4 Rh8 51. Rb3 Ke4 52. Rxb7 f5 53. Rb6 Rh2+ 54. Ke1 Rh6 55. Rxa6 Kxd4 56. Ra8 Kxc5 57. Rf8 Rh5 58. a6 Kb6 59. Rf6 Kxa6 60. Rxc6+ Kb5 61. Rc8 Rh2 62. Rf8 Rg2 63. Rxf5 Kc4 64. Rg5 Rxg3 65. f5 d4 66. f6 Rf3 67. Rxg4 Kc3 68. Rg6 Rf5 69. Rg3+ d3 70. Rh3 Kc2 71. Rh2+ Kc1 72. Rf2 Re5+ 73. Kf1 d2 0-1